groovejumper, neutral female human Wizard ----------- ----------- -------- ##..........| |.........| |......| * |.........| #..........| |.(.[...####[##### ##% |.........| ###|..+......| |......| # # |.........| # |.......{.| -----.-- ### ### |........>.## |..^......| # # ----------# ----------- |.........| ### ###|........|# ----------- # #.......<.|# #### |...^..{..# ------------.- ---------- |............| |.............#* |...........(| # |..........*.| ### ------ --- ----- |............| # |.....# |.\......| -------------- #########################.....|#d@#######)%hk%h...(| |....| |%.%.....| ------ --------- groovejumper the Thaumaturge Experience level: 7 Strength: 12 Dexterity: 13 Constitution: 14 Intelligence: 18 Wisdom: 12 Charisma: 12 Health: 0(47) Energy: 5(82) AC: 4 Gold: 1189 Moves: 3405 Your Inventory: Coins $ - 1189 gold pieces Weapons a - a blessed +1 quarterstaff (weapon in hands) Armor b - a cursed +0 cloak of magic resistance (being worn) G - a blessed +2 pair of water walking boots (being worn) L - a cursed +1 pair of gauntlets of dexterity (being worn) Comestibles u - an [uncursed] tripe ration K - 2 [uncursed] food rations M - a [cursed] cream pie N - a [cursed] food ration Scrolls i - an uncursed scroll of gold detection k - an uncursed scroll of scare monster o - 2 [cursed] scrolls of magic mapping v - an uncursed scroll of magic mapping y - a [cursed] scroll labeled TEMOV [of teleportation] P - 2 cursed scrolls of enchant weapon U - a blessed scroll of food detection W - a [cursed] unlabeled scroll [of blank paper] Z - an [uncursed] unlabeled scroll [of blank paper] Spellbooks l - a blessed spellbook of force bolt J - a [cursed] dark spellbook [of identify] Q - a [cursed] pink spellbook [of clairvoyance] R - an [uncursed] spellbook of extra healing Potions f - a [cursed] diluted muddy potion [of speed] h - an uncursed potion of see invisible j - a [cursed] potion of see invisible p - a [cursed] brown potion [of object detection] t - a [cursed] golden potion [of fruit juice] x - a [cursed] magenta potion [of healing] z - a [cursed] yellow potion [of confusion] H - 2 [uncursed] clear potions [of water] I - 2 [cursed] clear potions [of unholy water] V - an [uncursed] emerald potion [of gain ability] Rings d - a [cursed] plastic ring [of poison resistance] T - an [uncursed] black onyx ring [of sustain ability] Wands c - an uncursed wand of striking (0:5) e - a [cursed] tin wand [of make invisible (0:4)] m - a [cursed] zinc wand [of light (0:12)] C - a [cursed] nickel wand [of teleportation (0:7)] E - an [uncursed] titanium wand [of slow monster (0:4)] O - an [uncursed] orichalcum wand [of lightning (0:8)] S - an [uncursed] mahogany wand [of polymorph (0:8)] X - a [cursed] bronze wand [of speed monster (0:7)] Y - an [uncursed] bronze wand [of speed monster (0:3)] Tools n - an uncursed blindfold q - an [uncursed] magic marker [0:34] r - a [cursed] magic marker [0:33] s - an [uncursed] tinning kit [0:84] Gems D - an [uncursed] gray stone named luckstone [touchstone] Spells known in the end: Name Level Category Fail Memory a - force bolt 1 attack 0% [|||||||.] b - light 1 divination 0% [|||||||.] c - extra healing 3 healing 77% [||||||||] d - cure sickness 3 healing 77% [||||||||] Your skills at the end: Fighting Skills Weapon Skills quarterstaff [Basic / Expert] Spellcasting Skills attack spells [Basic / Expert] enchantment spells [Basic / Skilled] Final Attributes: You were piously aligned. Hunger level was 639. Your alignment was 26 / 27. Monster difficulty range was 1 - 7. Level difficulty was 7. You were magic-protected. You were telepathic. You could walk on water. Your luck was zero. You are dead. Vanquished creatures: 2 ghosts a leprechaun a black light a blue jelly a soldier ant 3 bugbears a wood nymph a mountain nymph a fog cloud a gnome lord 7 giant ants a floating eye a kitten a dwarf a giant bat 2 wererats an iguana a gas spore 2 hobbits a large kobold 7 hobgoblins a cave spider a gnome zombie 3 geckos 6 jackals 5 kobolds 2 goblins 2 grid bugs 2 bats 5 lichens 4 newts 69 creatures vanquished. Voluntary challenges: You used a wielded weapon 53 times. You read items or engraved 9 times. You put on armor 5 times. You never genocided any monsters. You never polymorphed an object. You never changed form. You used no wishes. You wrote Elbereth's name 2 times. You encountered 2 bones levels. You never used any Sokoban shortcuts. Dungeon overview: The Dungeons of Doom: levels 1 to 7 Level 1 a long staircase Level 2 a general store Level 3 stairs to The Gnomish Mines Level 5 a fountain Level 6 a fountain Level 7 (dropstash) <- You were here some fountains, a throne The Gnomish Mines: Level 4 stairs to The Dungeons of Doom History has recorded: On T:1 you entered the Dungeons of Doom to retrieve the Amulet of Yendor! On T:3 you advanced to experience level 2. On T:658 you advanced to experience level 3. On T:732 you reached level 2 of The Dungeons of Doom. On T:1070 you advanced to experience level 4. On T:1517 you advanced to experience level 5. On T:1532 you reached level 1 of The Gnomish Mines. On T:1615 you reached level 4 of The Dungeons of Doom. On T:2026 you reached level 5 of The Dungeons of Doom. On T:2180 you advanced to experience level 6. On T:2584 you reached level 6 of The Dungeons of Doom. On T:2697 you advanced to experience level 7. On T:2990 you reached level 7 of The Dungeons of Doom. Latest messages: The kobold lord turns to flee! The kobold lord throws 2 darts! The 1st dart hits the kobold lord. The 2nd dart hits the kobold lord. [2 turns] [HP+1=8] [2 turns] The kobold lord throws a dart! The dart misses the bugbear. The dart hits the kobold lord. [HP+1=9] [2 turns] (2x) [HP+1=10] [2 turns] You don't have enough energy to cast that spell. You hit the werewolf! The werewolf bites! [HP-7=3] You miss the werewolf. The werewolf bites! You die... Final status: Goodbye groovejumper the Wizard... You died in The Dungeons of Doom on dungeon level 7 with 4549 points, and 1189 pieces of gold, after 3405 moves. You were level 7 with a maximum of 47 hit points when you died.